 Dungeon Crawl Stone Soup version 0.32-a0-171-g4625e66871 (webtiles) character file.

Game seed: 16660572110538740617

19 none10 the Shield-Bearer (level 2, 29/29 HPs)
             Began as a Gnoll Fighter on Feb 12, 2024.
             Quit the game on level 1 of the Dungeon.
             The game lasted 00:02:19 (710 turns).

none10 the Shield-Bearer (Gnoll Fighter)             Turns: 710, Time: 00:02:19

Health: 29/29      AC:  7    Str: 15    XL:     2   Next: 75%
Magic:  2/2        EV:  9    Int:  7    God:
Gold:   40         SH:  5    Dex: 11    Spells: 2/2 levels left

rFire   . . .        a - +0 war axe
rCold   . . .        c - +0 buckler
rNeg    . . .        b - +0 scale mail
rPois   .            (no helmet)
rElec   .            (no cloak)
rCorr   .            (no gloves)
SInv    .            (no boots)
Will    .....        (no amulet) Stlth
                     (no ring)
HPRegen 0.24/turn    (no ring)
MPRegen 0.08/turn

%: no passive effects
@: no status effects
A: fangs 1, strong nose, distributed training
a: no special abilities


You were on level 1 of the Dungeon.
You visited 1 branch of the dungeon, and saw 1 of its levels.

You collected 40 gold pieces.

Inventory:

Hand Weapons
 a - a +0 war axe (weapon)
Armour
 b - a +0 scale mail (worn)
 c - a +0 buckler (worn)
Jewellery
 e - a ring of wizardry
 h - a ring of positive energy
Scrolls
 f - a scroll of fear {unknown}
Potions
 d - a potion of might
 g - a potion of berserk rage {unknown}


   Skills:
 + Level 6.5 Fighting
 + Level 0.5 Short Blades
 + Level 0.5 Long Blades
 + Level 4.5 Axes
 + Level 0.5 Maces & Flails
 + Level 0.5 Polearms
 + Level 0.5 Staves
 + Level 0.5 Ranged Weapons
 + Level 0.5 Throwing
 + Level 6.5 Armour
 + Level 0.5 Dodging
 + Level 0.5 Stealth
 + Level 6.5 Shields
 + Level 0.5 Unarmed Combat
 + Level 0.5 Spellcasting
 + Level 0.4 Conjurations
 + Level 0.4 Hexes
 + Level 0.4 Summonings
 + Level 0.4 Necromancy
 + Level 0.4 Translocations
 + Level 0.4 Fire Magic
 + Level 0.4 Ice Magic
 + Level 0.4 Air Magic
 + Level 0.4 Earth Magic
 + Level 0.4 Alchemy
 + Level 0.7 Invocations
 + Level 0.5 Evocations
 + Level 0.5 Shapeshifting


You had 2 spell levels left.
You didn't know any spells.
Your spell library was empty.

Dungeon Overview and Level Annotations

Branches:
Dungeon (1/15)

Altars:

Shops:
D:1 *


Innate Abilities, Weirdness & Mutations

You have very sharp teeth.
Your uncanny sense of smell can sniff out nearby items.
Your experience applies equally to all skills.


Message History

The ball python constricts you.
You barely miss the ball python. The ball python bites you.
The ball python constricts you. You block the ball python's attack.
The ball python constricts you.
You slash the ball python!
You kill the ball python!
You see here a ball python corpse.
h - a ring of positive energy You start resting.
HP restored.
You open the door.
There is an open door here.
There is an open door here.
A frilled lizard comes into view.
You block the frilled lizard's attack.
You hit the frilled lizard.
You kill the frilled lizard!
You see here a frilled lizard corpse.
There is an open door here.
There is an open door here.
Found a sling.
Found 13 gold pieces.
You now have 40 gold pieces (gained 13).
You open the door.
A kobold comes into view. It is wielding a +0 whip.
The kobold shouts!
A kobold is nearby!
There is an open door here.
You slash the kobold!
You kill the kobold!
Things that are here:
a +0 whip; 2 stones; a kobold corpse You open the door.
There is an open door here.
There is a stone staircase leading down here.
You see here a +0 dagger.
There is a fountain of clear blue water here.
Done exploring.
Done exploring.
Are you sure you want to abandon this character and quit the game? (Confirm with "yes".)

........'...........'.......'....
+########...........#########....
.....# #...........# #.)..
.....####...........# #....
.....##............## #....
....###.############ #####
.##.###.# ##>### ###>##
....)...### ##....### ###....##
....#.....###..⌠@...#####....⌠..#
........#.##.....⌠....#....⌠.....
..∩.....#.##..⌠....⌠.....⌠.(..⌠..
........#..#.....................
........##.#######....<....######
#+##+##.##.# ####...####
.^.#....##.## ##...##
...+....##..# ##..⌠..## #
...#....###.#### ##.......## #


There were no monsters in sight!

Vanquished Creatures
  3 ball pythons (D:1)
  An endoplasm (D:1)
  A giant cockroach (D:1)
  A goblin (D:1)
  3 hobgoblins (D:1)
  3 kobolds (D:1)
  A quokka (D:1)
  A frilled lizard (D:1)
  3 rats (D:1)
17 creatures vanquished.

Notes
Turn   | Place    | Note
-------+----------+-------------------------------------------
     0 | D:1      | none10 the Gnoll Fighter began the quest for the Orb.
     0 | D:1      | Reached XP level 1. HP: 23/23 MP: 1/1
   143 | D:1      | Found Guzot's Assorted Antiques.
   152 | D:1      | Reached XP level 2. HP: 29/29 MP: 2/2
   710 | D:1      | Quit the game

Illustrated notes

Levels and vault maps discovered:
D:1:      dpeg_arrival_leaves_temple_mockup, layout_basic, serial_shops, shop,
          minivault_25

Action                     || total
---------------------------++-------
  Melee: War axe           ||    39
         Bite              ||     4
 Armour: Scale mail        ||    25
  Dodge: Dodged            ||    19
  Block: Buckler           ||    11

Table legend: (Time is in decaauts)
 A = Elapsed time spent in this place.
 B = Non-inter-level travel time spent in this place.
 C = Inter-level travel time spent in this place.
 D = Time resting spent in this place.
 E = Time spent auto-exploring this place.
 F = Levels seen in this place.
 G = Mean time per level.
                   A        B        C        D        E       F      G
               +--------+--------+--------+--------+--------+-----+--------+
         Total |    722 |    722 |      0 |     32 |    491 |   1 |  722.0 |
       Dungeon |    722 |    722 |      0 |     32 |    491 |   1 |  722.0 |
               +--------+--------+--------+--------+--------+-----+--------+

Top non-repeatable levels by time:
     D:1: 722 daAuts
